 Dungeon Crawl Stone Soup version 0.14-a0-3154-g428849b (webtiles) character file.

408429 Medar the Gelid (level 23, 0/113 HPs)
             Began as a Vine Stalker Ice Elementalist on Mar 3, 2014.
             Was the Champion of Ashenzari.
             Slain by Jory
             ... wielding a +1,+0 broad axe of chopping
              (5 damage)
             ... on Level 3 of the Crypt on Mar 9, 2014.
             The game lasted 06:03:10 (94173 turns).

Medar the Gelid (Vine Stalker Ice Elementalist)    Turns: 94173, Time: 06:03:11

HP   0/113       AC 30     Str 21      XL: 23   Next: 43%
MP   0/42        EV 14     Int 28      God: Ashenzari [******]
Gold 1010        SH 16     Dex 18      Spells:  8 memorised,  9 levels left

rFire  + + .     SeeInvis +     a - +4 broad axe "Ilocacui" {vamp, Str+2 Stlth+}
rCold  + . .     Clarity  +     n - +6 fire dragon armour (curse)
rNeg   . . .     Conserve +     e - +3 buckler of the Sunfish {Str+3 Dex+3}
rPois  +         rCorr    +     f - +1 helmet of the Old World {rC+ SInv}
rElec  .         rRot     +     m - +1 cloak {rCorr, Cons} (curse)
SustAb . .       Spirit   +     U - +0 pair of gloves {Str+3} (curse)
rMut   +         Warding  .     T - +0 pair of boots {Fly} (curse)
Saprov . . .     Stasis   .     L - cursed amulet of resist mutation
MR     ++++.                    z - cursed +6 ring of intelligence
                                X - cursed ring of the Four Wishes {Wiz rPois rC+ MR++ Dex-1}

@: deflect missiles, flying, studying Armour, incredibly resistant to hostile
enchantments, unstealthy
A: fangs 3, regeneration 3, magic shield, antimagic bite, no device heal
a: Scrying, Transfer Knowledge, Renounce Religion, Stop Flying
}: 2/15 runes: decaying, serpentine


You were on level 3 of the Crypt.
You worshipped Ashenzari.
Ashenzari was exalted by your worship.
You were not hungry.

You visited 9 branches of the dungeon, and saw 50 of its levels.
You visited 1 bazaar.
You also visited: Labyrinth, Volcano and Wizlab.

You collected 4697 gold pieces.
You spent 3687 gold pieces at shops.

Inventory:

Hand weapons
 a - the cursed +4,+4 broad axe "Ilocacui" (weapon) {vamp, Str+2 Stlth+}
   (You bought it in a shop on level 1 of the Elven Halls)

   It inflicts no extra harm, but heals its wielder somewhat when it strikes a
   living foe.
   It affects your strength (+2).
   It makes you much more stealthy.
   It has a curse placed upon it.
Armour
 e - the cursed +3 buckler of the Sunfish (worn) {Str+3 Dex+3}
   (You found it in a labyrinth)

   It affects your strength (+3).
   It affects your dexterity (+3).
   It has a curse placed upon it.
 f - the cursed +1 helmet of the Old World (worn) {rC+ SInv}
   (You acquired it on level 1 of the Lair of Beasts)

   It protects you from cold.
   It enhances your eyesight.
   It has a curse placed upon it.
 m - a cursed +1 cloak of preservation (worn)
 n - a cursed +6 fire dragon armour (worn)
 T - a cursed +0 pair of boots of flying (worn)
 U - a cursed +0 pair of gloves of strength (worn)
Magical devices
 i - a wand of teleportation (9)
 x - a wand of digging (12)
 y - a wand of disintegration (11)
 D - a wand of paralysis (6)
 I - a wand of cold (2)
 Y - a wand of teleportation (9)
Comestibles
 c - 5 bread rations
Scrolls
 b - 5 scrolls of identify
 d - 5 scrolls of vulnerability
 h - 2 scrolls of holy word
 p - 5 scrolls of fear
 A - a scroll of recharging
 E - 2 scrolls of magic mapping
 H - a scroll of blinking
 K - 4 scrolls of silence {!r}
 O - 2 scrolls of fog
 P - a scroll of teleportation
Jewellery
 z - a cursed +6 ring of intelligence (right hand)
 L - a cursed amulet of resist mutation (around neck)
 X - the cursed ring of the Four Wishes (left hand) {Wiz rPois rC+ MR++ Dex-1}
   (You found it in a labyrinth)

   [ring of wizardry]

   It affects your dexterity (-1).
   It protects you from cold.
   It protects you from poison.
   It affects your resistance to hostile enchantments.
   It has a curse placed upon it.
Potions
 j - 3 potions of berserk rage {!q}
 k - 2 potions of invisibility
 l - 3 potions of brilliance
 o - 9 potions of curing
 r - 2 potions of speed
 w - 2 potions of restore abilities
 C - a potion of might
 J - 4 potions of agility
 N - a potion of resistance
Books
 G - a manual of Armour
Miscellaneous
 q - a fan of gales
 t - a phial of floods


   Skills:
 - Level 9.0 Fighting
 - Level 14.4(18.4) Axes
 + Level 14.4(18.4) Armour
 - Level 4.8(9.2) Dodging
 - Level 2.4 Stealth
 - Level 5.1(8.1) Shields
 - Level 15.0 Spellcasting
 + Level 18.1(21.7) Conjurations
 - Level 2.5(6.1) Hexes
 - Level 10.5(14.7) Charms
   Level 4.9(9.3) Summonings
 - Level 2.5(6.1) Translocations
 + Level 18.1(21.7) Ice Magic
 - Level 5.4(9.9) Air Magic
 - Level 3.5(7.5) Evocations


You had 9 spell levels left.
You knew the following spells:

 Your Spells              Type           Power        Failure   Level  Hunger
c - Throw Frost           Conj/Ice       ######       0%          2    None
d - Metabolic Englaciati  Hex/Ice        #######...   1%          5    None
i - Control Teleport      Chrm/Tloc      ######....   1%          4    None
m - Glaciate              Conj/Ice       #######...   16%         9    #######
v - Orb of Destruction    Conj           #######...   1%          7    #####..
x - Throw Icicle          Conj/Ice       #######.     0%          4    None
E - Haste                 Chrm           #######.     1%          6    ####...
R - Deflect Missiles      Chrm/Air       ######....   1%          6    ####...


Dungeon Overview and Level Annotations

Branches:
Dungeon (16/16)            Temple (1/1) D:6             Orc (4/4) D:12
    Elf (3/3) Orc:4          Lair (8/8) D:10          Swamp (5/5) Lair:4
  Snake (5/5) Lair:3        Slime (0/6) Lair:8       Vaults (4/5) D:14
  Blade (0/1) Vaults:4      Crypt (4/5) Vaults:2       Tomb (0/3) Crypt:2
 Depths (0/6) D:16

Altars:
Ashenzari
Cheibriados
Dithmenos
Elyvilon
Fedhas
Kikubaaqudgha
Makhleb
Nemelex Xobeh
Okawaru
Sif Muna
Trog
Vehumet
Xom
Yredelemnul
Zin
The Shining One
Beogh
Jiyva

Shops:
D:15 *   Orc:4 **:%   Elf:1 (   Elf:3 }   Vaults:3 ([

Annotations:
D:4 stuff on teleport trap
Elf:3 exclusions: Roxanne and 1 more exclusion, Roxanne
Swamp:5 Lernaean hydra
Snake:5 Asterion
Crypt:3 Jory


Innate Abilities, Weirdness & Mutations

You have razor-sharp teeth.
You regenerate.
When hurt, damage is shared between your health and your magic reserves.
Your bite disrupts and absorbs the magic of your enemies.
Potions and wands cannot restore your HP.


Message History

Jory bites you. Jory draws strength from your injuries!
The revenant casts a spell at you.
The ghostly flame explodes!
The ghostly fireball engulfs you!
* * * LOW HITPOINT WARNING * * *
You fly upwards.
There is a stone staircase leading down here.
Drink which item? (? for menu, Esc to quit)
Magic courses through your body. Jory misses you. Jory bites you.
* * * LOW HITPOINT WARNING * * *
Jory draws strength from your injuries!
Casting: Throw Icicle
Confirm with . or Enter, or press ? or * to list all spells.
Aiming: Throw Icicle
Press: ? - help, Shift-Dir - straight line, f - Jory
Aim: Jory, wielding a broad axe of chopping and wearing a chain mail of poison resistance (almost destroyed, encased in ice)
The shard of ice hits Jory.
Jory partially resists.
Jory is almost destroyed.
Jory hits you with a broad axe of chopping!
* * * LOW HITPOINT WARNING * * *
You die...

#....##.'#...#'.##..# #.........
#.....###.....###^..######.......
.........................#....#'#
...........8.............'.......
...)#....................#..."#.#
....#####.....###........###.....
..^.###.'#...#'.###......# ###.##
###.##...#...#...##......# #.#.##
#.##>.##...##V@###########.....
#.######...##### #...#.# #.#
##### ###.###.# #.# #...# #.# #.#
##### #.# #.# #..
#.#############################
#..^...........................
#.#..#..#..#..#..#..#..#..#..#.


You could see Jory.

Vanquished Creatures
  Saint Roka (Snake:5)
  Sojobo (Vaults:2)
  Margery (Crypt:2)
  Nikola (Elf:3)
  A bone dragon (Crypt:2)
  Vashnia (Snake:2)
  A thorn hunter (Swamp:5)
  3 sphinxes
  Frances (Snake:1)
  Kirke (Swamp:1)
  2 tengu reavers (Vaults:3)
  3 draconian monks (WizLab)
  7 ancient champions
  3 revenants
  13 greater nagas
  Maud (D:14)
  3 frost giants
  9 vault wardens
  A deep elf sorcerer (Vaults:4)
  Aizul (Snake:5)
  Gastronok (D:8)
  Jorgrun (Snake:2)
  3 deep elf demonologists
  3 stone giants
  A war gargoyle (Vaults:3)
  6 vampire knights
  4 deep elf annihilators
  3 curse skulls
  An unborn (Crypt:3)
  A white draconian (shapeshifter) (Vaults:2)
  The ghost of sponge the Cruncher, a powerful GrEE of Makhleb (Lair:5)
  An ettin (Vaults:4)
  Snorg (Orc:2)
  A minotaur (Lab)
  4 deep elf death magi
  3 vault guards
  4 eidola
  3 great orbs of eyes
  2 fire dragons
  6 yaktaur captains
  17 ironheart preservers
  A hydra (shapeshifter) (Vaults:4)
  Fannar (D:11)
  A quicksilver dragon skeleton (Crypt:1)
  8 jiangshi
  Harold (Lair:6)
  27 anacondas
  Josephine (D:11)
  2 ravenous item mimics
  2 monstrous demonspawn (WizLab)
  4 ice dragons
  A shambling mangrove (Swamp:4)
  16 naga warriors
  Nessos (D:12)
  15 ogre magi
  16 hydras
  A deep dwarf death knight (Crypt:1)
  6 alligators
  2 dancing weapons (Vaults:4)
  A rakshasa (Vaults:1)
  9 centaur warriors
  20 naga sharpshooters
  3 ravenous feature mimics
  A spectral elf (Vaults:4)
  A plague shambler (Crypt:2)
  The ghost of Pr0man the Grappler, a powerful VSMo of the Shining One (D:10)
  A deep troll shaman (Vaults:4)
  7 hell knights
  A titan zombie (Crypt:1)
  2 orc high priests
  2 tengu warriors
  7 vampire magi
  4 spriggan druids
  Nergalle (D:16)
  The ghost of Psiweapon the Conjurer, an experienced TeCj of Vehumet (D:11)
  2 soul eaters
  A fire crab (Vaults:2)
  A catoblepas (D:14)
  6 deep elf knights
  46 skeletal warriors
  2 wizards
  An iron troll (Orc:4)
  A very ugly thing (Vaults:1)
  6 unseen horrors
  2 shadow wraiths
  Erolcha (Orc:3)
  4 harpies (Swamp:1)
  10 swamp dragons
  A giant orange brain (Vaults:2)
  12 sea snakes (Snake:4)
  12 shock serpents
  A flayed ghost (Crypt:2)
  12 deep trolls
  A tengu zombie (Vaults:2)
  A flaming corpse (Vaults:2)
  A shadow dragon zombie (Crypt:2)
  13 orc knights
  8 deep elf summoners
  12 hill giants
  13 naga ritualists
  2 red wasps (shapeshifter)
  5 necromancers
  17 ironbrand convokers
  7 deep elf conjurers
  A wolf spider zombie (D:16)
  3 griffons
  A cyclops (shapeshifter) (Vaults:4)
  8 wolf spiders
  11 mana vipers
  A salamander mystic (Snake:5)
  A frost giant zombie (Crypt:2)
  6 phantasmal warriors
  6 cyclopes
  6 red wasps
  5 orc sorcerers
  An octopode (shapeshifter) (Vaults:3)
  3 human skeletons
  An iron dragon skeleton (Crypt:2)
  2 stone giant skeletons
  40 black mambas
  11 elephants
  2 manticores
  A salamander (shapeshifter) (Vaults:2)
  14 vault sentinels
  A dire elephant zombie (Crypt:1)
  11 guardian serpents (Snake:5)
  2 vapours (Swamp:5)
  24 spiny frogs
  15 naga magi
  5 feature mimics
  9 salamanders
  A spectral human (Crypt:2)
  A faun (shapeshifter) (D:14)
  A black draconian zombie (Crypt:2)
  3 fire drakes
  A spiny frog (shapeshifter) (D:16)
  A green draconian skeleton (Crypt:1)
  8 komodo dragons
  3 centaur zombies
  A guardian mummy (Crypt:2)
  43 yaktaurs
  A minotaur zombie (Lab)
  2 queen bees (shapeshifter) (Vaults:3)
  A tengu conjurer (D:16)
  2 silent spectres
  15 spriggans
  10 freezing wraiths
  10 giant fireflies
  A polar bear (Lair:8)
  3 baby alligators
  An iron troll skeleton (Crypt:3)
  6 deep elf priests
  3 boulder beetles
  A shadow dragon simulacrum (Crypt:1)
  6 trolls
  15 blink frogs
  35 slime creatures
  15 giant leeches
  17 ravens
  11 bog bodies
  22 two-headed ogres
  An ice dragon zombie (Crypt:2)
  A boulder beetle (shapeshifter) (Vaults:3)
  A human zombie (Vaults:4)
  A fire dragon zombie (Crypt:1)
  A wolf spider simulacrum (Crypt:1)
  17 deep elf magi
  2 ettin zombies
  10 flying skulls
  A fire dragon skeleton (Crypt:2)
  7 redbacks
  2 air elementals (Vaults:2)
  2 basilisks (Lair:7)
  3 shadows
  3 thorn lotuses
  A tarantella (Vaults:4)
  20 deep elf fighters
  29 yaks
  9 sharks
  A yak (shapeshifter) (Vaults:1)
  A ynoxinul (Vaults:3)
  6 vampires
  A hill giant zombie (D:13)
  28 vampire mosquitoes
  4 wyverns
  6 hogs
  A fire bat (Volcano)
  18 wolves
  Grum (D:11)
  13 hippogriffs
  46 ugly things
  2 hill giant skeletons
  11 wraiths
  4 mottled dragons
  9 hungry ghosts
  A wind drake skeleton (Crypt:2)
  A merfolk zombie (Crypt:1)
  64 nagas
  Menkaure (D:4)
  A putrid demonspawn zombie (Crypt:1)
  A necrophage (D:8)
  24 swamp worms
  8 porcupines
  3 ice beasts
  4 swamp drakes
  9 giant goldfish
  An ettin simulacrum (Vaults:4)
  52 orc warriors
  A yellow wasp (D:15)
  A black bear (shapeshifter) (Vaults:4)
  2 sky beasts
  32 centaurs
  A kobold demonologist (Vaults:3)
  13 crocodiles
  A swamp dragon zombie (Crypt:1)
  A griffon simulacrum (D:11)
  4 phantoms
  53 ogres
  8 wargs
  A dryad zombie (Crypt:3)
  A lindwurm skeleton (Crypt:3)
  Sigmund (D:3)
  3 lost souls
  A faun skeleton (Crypt:3)
  3 brain worms
  4 big kobolds
  41 giant frogs
  8 giant slugs
  Blork the orc (D:6)
  A dryad skeleton (Crypt:3)
  An octopode zombie (Crypt:2)
  48 water moccasins
  A chimera zombie (Crypt:2)
  A glowing shapeshifter simulacrum (Vaults:4)
  2 gnoll sergeants
  A cyclops zombie (D:12)
  A mermaid skeleton (Crypt:3)
  A chimera skeleton (Crypt:1)
  9 insubstantial wisps
  2 troll zombies (D:12)
  26 killer bees
  19 wights
  A yak zombie (D:9)
  7 electric eels
  4 goliath beetles
  11 hounds
  4 human simulacra
  6 jellies
  12 crimson imps
  A soldier ant zombie (D:12)
  63 orc priests
  A quasit (D:14)
  6 big fish
  A giant frog skeleton (D:7)
  A gnoll shaman (D:7)
  3 yellow wasp zombies
  A centaur skeleton (D:10)
  56 orc wizards
  3 scorpions
  5 orange rats
  2 two-headed ogre skeletons
  4 iguanas
  10 sheep
  10 worker ants
  A naga zombie (Crypt:3)
  Ijyb (D:5)
  Jessica (D:3)
  6 ogre zombies (D:12)
  A sky beast zombie (D:10)
  2 hound zombies
  A naga skeleton (Crypt:1)
  A big kobold skeleton (D:10)
  3 ogre skeletons
  Terence (D:3)
  12 mummies (Crypt:2)
  16 gnolls
  29 adders
  36 green rats
  13 orc skeletons
  A steam dragon skeleton (D:10)
  5 giant mites
  An inept item mimic (D:5)
  An inept feature mimic (D:4)
  2 white imps (Vaults:2)
  A worm (D:3)
  An ufetubus (Vaults:2)
  A lava snake skeleton (Crypt:3)
  A sheep skeleton (Crypt:2)
  A snake zombie (Crypt:3)
  A giant eyeball (D:9)
  9 giant geckos
  3 oozes
  247 orcs
  29 goblins
  18 hobgoblins
  13 quokkas
  7 ball pythons
  31 bats
  3 giant cockroaches
  2 giant gecko zombies
  6 giant newts
  3 giant spores
  4 goblin zombies (D:12)
  2 hobgoblin skeletons (D:12)
  5 hobgoblin zombies
  35 jackals
  A jackal zombie (D:3)
  36 kobolds
  A kobold skeleton (D:7)
  20 orc zombies
  A quokka zombie (D:7)
  27 rats
  8 ballistomycetes
  2 crawling corpses (Vaults:4)
  4 fungi
  4 plants
2522 creatures vanquished.

Vanquished Creatures (collateral kills)
  Agnes (Snake:1)
  A hydra (Lair:8)
  A centaur warrior (D:10)
  A hill giant (D:10)
  A black mamba (Snake:1)
  2 spiny frogs
  A queen bee (Lair:5)
  A troll (D:12)
  2 giant leeches
  A blink frog (Lair:8)
  3 yaks
  4 sharks
  An elephant slug (Lair:5)
  A vampire mosquito (Lair:8)
  A hippogriff (D:10)
  A wolf (Lair:3)
  A soldier ant (D:10)
  A porcupine (Lair:3)
  3 giant goldfish
  4 crocodiles
  3 giant slugs
  A big kobold (D:10)
  4 water moccasins
  6 giant frogs
  A cyclops skeleton (D:10)
  5 killer bees
  An electric eel (Lair:8)
  2 crimson imps (D:10)
  A hound (D:10)
  A jelly (D:10)
  4 big fish
  2 iguanas (Lair:3)
  A sheep (D:13)
  2 adders
  A giant gecko (Lair:1)
  8 orcs (Orc:2)
  2 hobgoblins (D:10)
  2 jackals (Lair:3)
  A rat (Lair:6)
  2 plants (Lair:8)
82 creatures vanquished.

Vanquished Creatures (others)
  The ghost of runewalsh the Unseen, a powerful OpWz of Nemelex Xobeh (Volcano)
  A naga mage (Snake:2)
  2 water elementals (Swamp:5)
  A tengu conjurer (D:15)
  A raven (D:15)
  A human (Swamp:1)
  2 deep elf fighters
  A naga (Snake:2)
  A hog (Volcano)
  A swamp drake (Swamp:5)
  45 ice beasts
  A lost soul (Crypt:2)
  A centaur (Volcano)
  A crocodile (Swamp:1)
  A green rat (Lair:5)
  An orc (D:4)
  4 fungi (Lair:8)
  8 plants
74 creatures vanquished.

Grand Total: 2678 creatures vanquished

Notes
Turn   | Place    | Note
--------------------------------------------------------------
     0 | D:1      | Medar, the Vine Stalker Ice Elementalist, began the quest for the Orb.
     0 | D:1      | Reached XP level 1. HP: 9/9 MP: 3/3
   204 | D:1      | Reached XP level 2. HP: 13/13 MP: 1/5
   525 | D:1      | Reached skill level 4 in Ice Magic
   535 | D:1      | Learned a level 2 spell: Throw Frost
   617 | D:1      | Reached XP level 3. HP: 16/16 MP: 1/7
  1293 | D:2      | Learned a level 3 spell: Ozocubu's Armour
  1902 | D:3      | Reached skill level 1 in Charms
  1902 | D:3      | Reached XP level 4. HP: 14/21 MP: 2/8
  1932 | D:3      | Found a blossoming altar of Fedhas.
  2130 | D:3      | Noticed Jessica
  2133 | D:3      | Killed Jessica
  2182 | D:3      | Noticed Terence
  2193 | D:3      | Killed Terence
  2193 | D:3      | Reached XP level 5. HP: 16/24 MP: 1/11
  2315 | D:3      | You fall through a shaft for 3 floors!
  2368 | D:6      | Noticed Blork the orc
  2375 | D:6      | Reached skill level 1 in Axes
  2384 | D:6      | Killed Blork the orc
  2384 | D:6      | Gained mutation: You heal very quickly. [vine stalker growth]
  2384 | D:6      | Reached XP level 6. HP: 7/28 MP: 0/12
  2500 | D:6      | Noticed a centaur
  2507 | D:6      | Killed a centaur
  2564 | D:5      | Entered Level 5 of the Dungeon
  2700 | D:4      | Noticed Menkaure
  2708 | D:4      | Killed Menkaure
  2708 | D:4      | Reached XP level 7. HP: 19/32 MP: 3/14
  2853 | D:4      | Found a staircase to the Ecumenical Temple.
  2858 | D:4      | the staircase to the Ecumenical Temple was a mimic.
  2977 | D:4      | Reached skill level 5 in Axes
  3081 | D:4      | Learned a level 4 spell: Throw Icicle
  3322 | D:4      | Reached skill level 5 in Ice Magic
  3417 | D:3      | Noticed Sigmund
  4826 | D:4      | Gained mutation: You have razor-sharp teeth. [vine stalker growth]
  4826 | D:4      | Reached XP level 8. HP: 36/36 MP: 3/16
  5102 | D:5      | Reached skill level 6 in Ice Magic
  5555 | D:5      | Noticed Ijyb
  5577 | D:5      | Killed Ijyb
  5789 | D:6      | Found a burning altar of Makhleb.
  5789 | D:6      | Noticed an Executioner
  5792 | D:6      | Noticed an orange demon
  5792 | D:6      | Noticed a neqoxec
  5841 | D:6      | Noticed a sky beast
  5842 | D:6      | Found a sparkling altar of Nemelex Xobeh.
  5850 | D:6      | Killed a sky beast
  6103 | D:6      | Reached skill level 5 in Conjurations
  6550 | D:6      | Reached skill level 7 in Ice Magic
  6656 | D:6      | Found a staircase to the Ecumenical Temple.
  6661 | Temple   | Entered the Ecumenical Temple
  6718 | Temple   | Became a worshipper of Ashenzari the Shackled
  6859 | D:7      | Found a snail-covered altar of Cheibriados.
  6900 | D:7      | Reached XP level 9. HP: 39/39 MP: 13/20
  6955 | D:7      | Noticed a spriggan baker
  6960 | D:7      | Killed a spriggan baker
  8021 | D:3      | Found a blossoming altar of Fedhas.
  8756 | D:3      | Killed Sigmund
  8916 | D:8      | Noticed a fire drake
  8917 | D:8      | Found a staircase to the Lair.
  8951 | D:7      | Upgraded the game from 0.14-a0-2930-gfe7e74c to 0.14-a0-2938-g578dedd
  8966 | D:8      | Reached skill level 8 in Ice Magic
  8988 | D:8      | Killed a fire drake
  8988 | D:8      | Reached skill level 5 in Spellcasting
  9131 | D:8      | Learned a level 4 spell: Summon Ice Beast
  9181 | D:8      | Reached skill level 1 in Summonings
  9535 | D:8      | Noticed Gastronok
  9709 | D:8      | the staircase to the Lair was a mimic.
 10019 | D:8      | Killed a staircase mimic
 10019 | D:8      | Reached XP level 10. HP: 44/44 MP: 6/24
 10322 | D:9      | Reached skill level 1 in Fighting
 11176 | D:10     | Entered Level 10 of the Dungeon
 11375 | D:10     | Found a staircase to the Lair.
 11387 | D:10     | Noticed Pr0man's ghost (powerful VSMo)
 11388 | D:10     | Noticed a hill giant
 11435 | D:10     | Killed Pr0man's ghost
 11435 | D:10     | Reached skill level 5 in Fighting
 11905 | D:10     | Noticed a hill giant
 11951 | D:10     | Found a deep blue altar of Sif Muna.
 11974 | D:10     | Acquired Ashenzari's first power
 11992 | D:10     | Noticed a hill giant
 11998 | D:10     | Killed a hill giant
 12476 | D:10     | Killed a hill giant
 12479 | D:10     | Identified the +6,+3 war axe "Medar's Bane" {antimagic, +Blink MR+ Dex+3} (You took it off an orc warrior on level 10 of the Dungeon)
 12672 | D:10     | Upgraded the game from 0.14-a0-2938-g578dedd to 0.14-a0-2939-ge0b1554
 12744 | D:10     | Reached skill level 1 in Evocations
 12752 | D:10     | Noticed a centaur warrior
 12762 | D:10     | Killed a centaur warrior
 12762 | D:10     | Reached XP level 11. HP: 50/56 MP: 22/25
 13119 | D:10     | Killed a hill giant
 13474 | Lair:1   | Entered Level 1 of the Lair of Beasts
 13628 | Lair:1   | Found a dark tunnel.
 13638 | Volcano  | Entered a volcano
 13668 | Volcano  | Killed runewalsh's ghost
 13890 | Lair:1   | Acquired Ashenzari's second power
 13989 | Lair:1   | Reached skill level 1 in Shields
 15502 | Lair:2   | Reached skill level 5 in Shields
 15731 | Lair:2   | Identified the ring "Johei" {+/*Tele Dex+2 Int-3}
 15836 | Lair:2   | Acquired Ashenzari's third power
 16497 | Lair:3   | Gained mutation: You regenerate. [vine stalker growth]
 16497 | Lair:3   | Reached XP level 12. HP: 49/60 MP: 10/27
 16768 | Lair:3   | Found a staircase to the Snake Pit.
 18082 | Lair:3   | the was a mimic.
 18231 | Lair:3   | Learned a level 6 spell: Haste
 18479 | Lair:4   | Identified the +5,+8 spear of Tela {pierce, rElec rF- rC+ rN+}
 18572 | Lair:4   | Found a staircase to the Swamp.
 18591 | Lair:4   | Reached skill level 5 in Charms
 19350 | Lair:4   | Noticed an eight-headed hydra
 19359 | Lair:4   | Killed an eight-headed hydra
 19906 | Lair:5   | Found a labyrinth entrance.
 19926 | Lab      | Entered a labyrinth
 20185 | Lab      | Noticed a minotaur
 20186 | Lab      | Identified the +3 buckler of the Sunfish {Str+3 Dex+3}
 20190 | Lab      | Killed a minotaur
 20199 | Lab      | Identified a scroll of acquirement
 20383 | Lab      | Identified the ring of the Four Wishes {Wiz rPois rC+ MR++ Dex-1} (You found it in a labyrinth)
 20391 | Lab      | Identified the +3 leather armour "Clackus" {rElec} (You found it in a labyrinth)
 20537 | Lair:1   | Got the cursed helmet of the Old World {rC+ SInv}
 20541 | Lair:1   | Identified the cursed +1 helmet of the Old World {rC+ SInv} (You acquired it on level 1 of the Lair of Beasts)
 20648 | Lair:5   | Noticed sponge's ghost (powerful GrEE)
 21371 | Lair:5   | Killed sponge's ghost
 21371 | Lair:5   | Reached skill level 9 in Charms
 21371 | Lair:5   | Reached XP level 13. HP: 56/65 MP: 23/28
 21637 | Lair:5   | Acquired Ashenzari's fourth power
 21715 | Lair:5   | Noticed a seven-headed hydra
 21720 | Lair:5   | Killed a seven-headed hydra
 22757 | Lair:6   | Noticed Harold
 22928 | Lair:6   | Killed Harold
 23348 | Lair:7   | Reached skill level 10 in Axes
 24951 | Lair:7   | Upgraded the game from 0.14-a0-2939-ge0b1554 to 0.14-a0-2950-gbe29d66
 24952 | Lair:8   | Entered Level 8 of the Lair of Beasts
 25058 | Lair:8   | Found a viscous altar of Jiyva.
 25058 | Lair:8   | Found a staircase to the Slime Pits.
 25159 | Lair:8   | Learned a level 6 spell: Deflect Missiles
 25203 | Lair:8   | Reached XP level 14. HP: 63/74 MP: 16/31
 25674 | Lair:8   | Reached skill level 1 in Air Magic
 26819 | Lair:8   | Identified the +2,+3 sling "Losheot" {speed, Hunger+ Dex+1}
 27148 | Lair:8   | Reached skill level 11 in Axes
 27916 | D:11     | Noticed Josephine
 28016 | D:11     | Noticed Grum
 28024 | D:10     | Reached skill level 1 in Armour
 28049 | D:11     | Killed Grum
 28235 | D:11     | Noticed Psiweapon's ghost (experienced TeCj)
 28244 | D:11     | Killed Psiweapon's ghost
 28475 | D:11     | Noticed Fannar
 28487 | D:11     | Killed Fannar
 28684 | D:11     | Killed Josephine
 28684 | D:11     | Identified the cursed +1,+0 dagger "Twuo" {freeze, rF+ Str+3 Stlth} (You took it off Josephine on level 11 of the Dungeon)
 29496 | D:12     | Found a staircase to the Orcish Mines.
 29642 | D:12     | Noticed Nessos
 29665 | D:12     | Killed Nessos
 29665 | D:12     | Reached skill level 5 in Armour
 30169 | D:12     | Identified the cursed +3 leather armour of Inevitability {Str+4 Int+3}
 30701 | Orc:1    | Entered Level 1 of the Orcish Mines
 32930 | Orc:2    | Found a roughly hewn altar of Beogh.
 32998 | Orc:2    | Reached XP level 15. HP: 68/79 MP: 18/32
 33436 | Orc:3    | Noticed Erolcha
 33605 | Orc:3    | Killed Erolcha
 34342 | Orc:3    | Noticed Snorg
 34531 | Orc:2    | Killed Snorg
 34906 | Orc:4    | Entered Level 4 of the Orcish Mines
 35104 | Orc:4    | Reached skill level 12 in Axes
 35656 | Orc:4    | Found a staircase to the Elven Halls.
 36926 | Orc:4    | Found Mounwyth's Assorted Antiques.
 36926 | Orc:4    | Found Apaga's General Store.
 36929 | Orc:4    | Found Purch's Book Shoppe.
 36929 | Orc:4    | Found Miruh's Food Shoppe.
 37416 | Orc:4    | Bought a scroll of fog for 32 gold pieces
 37416 | Orc:4    | Bought a scroll of remove curse for 48 gold pieces
 37426 | Orc:4    | Bought a scroll of identify for 70 gold pieces
 38362 | D:13     | Reached skill level 10 in Charms
 39538 | D:14     | Found a blossoming altar of Fedhas.
 39836 | D:14     | Reached skill level 5 in Air Magic
 40173 | D:14     | Identified the cursed -2 scale mail of Negligence {rF+ rC+}
 40434 | D:14     | Found a gate to the Vaults.
 40691 | D:15     | Entered Level 15 of the Dungeon
 40773 | D:15     | Noticed Maud
 41095 | D:14     | Killed Maud
 41095 | D:14     | Reached skill level 13 in Axes
 41266 | D:15     | Found Utiadau's Serpentskin Sales.
 41449 | D:15     | Reached XP level 16. HP: 73/84 MP: 31/33
 41988 | D:16     | Entered Level 16 of the Dungeon
 42571 | D:16     | Noticed Nergalle
 42589 | D:16     | Killed Nergalle
 42858 | D:16     | Reached skill level 14 in Axes
 43111 | D:16     | Found a staircase to the Depths.
 43973 | Swamp:1  | Entered Level 1 of the Swamp
 44128 | Snake:1  | Entered Level 1 of the Snake Pit
 44209 | Snake:1  | Noticed Frances
 44652 | Snake:1  | Killed Frances
 44863 | Snake:1  | Noticed Agnes
 44967 | Lair:1   | Upgraded the game from 0.14-a0-2950-gbe29d66 to 0.14-a0-2964-g8dc6adb
 44967 | Lair:1   | Upgraded the game from 0.14-a0-2964-g8dc6adb to 0.14-a0-2986-gd1872aa
 45122 | Elf:1    | Entered Level 1 of the Elven Halls
 45162 | Elf:1    | Found a burning altar of Makhleb.
 45548 | Elf:1    | Identified the cursed -2 helmet "Lyngy" {Str+3 Dex+4} (You acquired it on level 1 of the Elven Halls)
 45930 | Elf:1    | Found Peigis' Antique Weapon Shoppe.
 45936 | Elf:1    | Bought a crystal broad axe for 207 gold pieces
 45936 | Elf:1    | Identified the +4,+4 broad axe "Ilocacui" {vamp, Str+2 Stlth+} (You bought it in a shop on level 1 of the Elven Halls)
 45937 | Elf:1    | Bought a runed executioner's axe for 230 gold pieces
 46092 | Orc:4    | Bought a scroll of remove curse for 105 gold pieces
 46982 | Elf:2    | Reached skill level 10 in Spellcasting
 47398 | Elf:3    | Entered Level 3 of the Elven Halls
 47593 | Elf:3    | Found Paniul's Gadget Shoppe.
 47619 | Elf:3    | Noticed Roxanne
 48409 | Elf:3    | Noticed Nikola
 48433 | Elf:3    | Killed Nikola
 48433 | Elf:3    | Identified a +1 cloak of preservation (You took it off Nikola on level 3 of the Elven Halls)
 48690 | Lair:1   | Upgraded the game from 0.14-a0-2986-gd1872aa to 0.14-a0-3109-ga7442b6
 48877 | Snake:1  | Reached XP level 17. HP: 87/87 MP: 23/36
 50098 | Snake:1  | Killed Agnes
 51372 | Snake:2  | Found a flickering gateway to a bazaar.
 51395 | Bazaar   | Entered a bazaar
 51402 | Bazaar   | Found Retess' Jewellery Boutique.
 51420 | Bazaar   | Found Pahac's Gadget Emporium.
 51437 | Bazaar   | Found Scheikuno's Book Boutique.
 51454 | Bazaar   | Found Rapp's Jewellery Shoppe.
 51491 | Bazaar   | Bought a book of Annihilations for 1324 gold pieces
 51492 | Bazaar   | Bought a book of Control for 780 gold pieces
 51519 | Bazaar   | Learned a level 4 spell: Control Teleport
 51525 | Bazaar   | Learned a level 5 spell: Metabolic Englaciation
 51646 | Snake:2  | Reached skill level 1 in Hexes
 51655 | Snake:2  | Reached skill level 1 in Translocations
 52010 | Snake:2  | Found a burning altar of Makhleb.
 52533 | Snake:2  | Found a white marble altar of Elyvilon.
 52669 | Snake:2  | Noticed Vashnia
 53538 | Snake:2  | Killed Vashnia
 53812 | Snake:2  | Noticed Jorgrun
 54134 | Snake:2  | Killed Jorgrun
 54566 | Snake:3  | Reached skill level 10 in Ice Magic
 56809 | Snake:4  | Reached XP level 18. HP: 92/92 MP: 29/37
 56823 | Snake:4  | Reached skill level 10 in Conjurations
 58366 | Snake:4  | Identified the +3 leather armour of Defence {Str+2 Dam+5}
 59210 | Snake:5  | Entered Level 5 of the Snake Pit
 59798 | Snake:5  | Identified the +7,+2 scimitar "Maxkubuc" {slice, *Rage rElec rC+ MR++}
 60058 | Snake:5  | Noticed Asterion
 60909 | Snake:4  | Upgraded the game from 0.14-a0-3109-ga7442b6 to 0.14-a0-3134-g2c86dbf
 62355 | Snake:5  | Noticed Saint Roka
 62721 | Snake:5  | Killed Saint Roka
 62805 | Snake:5  | Noticed Aizul
 62824 | Snake:5  | Killed Aizul
 63660 | Snake:5  | Reached XP level 19. HP: 96/96 MP: 38/38
 64199 | Lair:1   | Learned a level 9 spell: Glaciate
 65817 | Snake:5  | Got a serpentine rune of Zot
 66060 | Swamp:1  | Noticed Kirke
 66117 | Swamp:1  | Killed Kirke
 69893 | Swamp:5  | Entered Level 5 of the Swamp
 70861 | Swamp:5  | Reached XP level 20. HP: 100/100 MP: 38/38
 71654 | Swamp:5  | Reached skill level 10 in Armour
 72058 | Swamp:5  | Noticed the 27-headed Lernaean hydra
 72312 | Swamp:5  | Reached skill level 15 in Ice Magic
 72754 | Swamp:5  | Got a decaying rune of Zot
 72811 | Swamp:4  | Upgraded the game from 0.14-a0-3134-g2c86dbf to 0.14-a0-3154-g428849b
 73153 | Orc:4    | Bought a book of Power for 585 gold pieces
 73162 | Orc:4    | Learned a level 7 spell: Orb of Destruction
 73915 | D:8      | Killed Gastronok
 74459 | Vaults:1 | Entered Level 1 of the Vaults
 77109 | Vaults:2 | Reached skill level 15 in Spellcasting
 77117 | Vaults:2 | Reached skill level 15 in Conjurations
 77774 | Vaults:2 | Found a staircase to the Crypt.
 77914 | Vaults:2 | Reached XP level 21. HP: 105/105 MP: 22/41
 78976 | Vaults:3 | Found Selyps' Weapon Emporium.
 79636 | Vaults:3 | Noticed Sojobo
 79934 | Vaults:2 | Killed Sojobo
 80980 | Vaults:3 | Reached skill level 16 in Conjurations
 81564 | Vaults:3 | Found Zaiqiasi's Antique Armour Shop.
 81604 | Vaults:3 | Bought a pair of runed boots for 153 gold pieces
 81604 | Vaults:3 | Bought a pair of runed gloves for 153 gold pieces
 81635 | Vaults:3 | Identified the +7 plate armour of Paedagoc {Str+3 Int+3 Dam+2}
 82731 | Vaults:4 | Reached XP level 22. HP: 97/109 MP: 2/41
 83723 | Vaults:4 | Found a staircase to the Hall of Blades.
 83867 | Vaults:4 | Identified the +3 leather armour "Raryjer" {rPois rC+} (You took it off a deep elf fighter on level 4 of the Vaults)
 84728 | Crypt:1  | Entered Level 1 of the Crypt
 85478 | Crypt:1  | Reached skill level 17 in Conjurations
 86633 | Crypt:2  | Identified the cursed -4 ice dragon armour "Thuuloro" {rF- rC++ Dam-2}
 88761 | Crypt:2  | Found a staircase to the Tomb.
 89189 | Crypt:2  | Noticed Margery
 89492 | Crypt:2  | Killed Margery
 90477 | Crypt:2  | Reached XP level 23. HP: 69/113 MP: 42/42
 92722 | Crypt:2  | Reached skill level 18 in Conjurations
 93539 | Crypt:4  | Found a magical portal.
 93569 | WizLab   | Entered a wizard's laboratory
 94158 | Crypt:4  | Noticed Jory
 94173 | Crypt:3  | HP: 5/113 [Jory/broad axe of chopping (14)]
 94173 | Crypt:3  | Slain by Jory

Action                   |  1- 3 |  4- 6 |  7- 9 | 10-12 | 13-15 | 16-18 | 19-21 | 22-24 || total
-------------------------+-------+-------+-------+-------+-------+-------+-------+-------++-------
Melee: Dagger            |    17 |       |       |       |       |       |       |       ||    17
       Hand axe          |     5 |    28 |   166 |   431 |   444 |       |       |       ||  1074
       Broad axe         |       |       |       |       |   887 |   912 |  1474 |  1055 ||  4328
 Cast: Freeze            |    70 |    40 |   123 |     3 |     2 |       |       |       ||   238
       Throw Frost       |       |     5 |   106 |   298 |     9 |       |       |       ||   418
       Ozocubu's Armour  |       |     1 |     2 |     9 |     4 |       |       |       ||    16
       Throw Icicle      |       |       |    25 |   115 |   551 |   743 |   758 |   430 ||  2622
       Summon Ice Beast  |       |       |       |    58 |    53 |     3 |       |       ||   114
       Haste             |       |       |       |     2 |     7 |    16 |    13 |     8 ||    46
       Deflect Missiles  |       |       |       |       |     3 |    15 |    11 |     1 ||    30
       Metabolic Englaci |       |       |       |       |       |     7 |     5 |     2 ||    14
       Orb of Destructio |       |       |       |       |       |       |     6 |    13 ||    19
       Control Teleport  |       |       |       |       |       |       |     1 |       ||     1
       Glaciate          |       |       |       |       |       |       |       |     2 ||     2
Evoke: Wand              |       |       |     2 |    23 |    17 |    19 |     8 |     4 ||    73
       Phial of floods   |       |       |       |       |       |       |     1 |       ||     1
  Use: Scroll            |     3 |     1 |    21 |    19 |    26 |    29 |     5 |     8 ||   112
       Potion            |       |       |       |       |       |     4 |       |     5 ||     9
 Stab: Sleeping          |     1 |       |     2 |    11 |     3 |       |     2 |     1 ||    20
       Distracted        |       |       |     1 |     3 |     8 |       |     2 |       ||    14
       Paralysed         |       |       |       |    17 |       |       |       |       ||    17
       Confused          |       |       |       |       |     1 |       |       |       ||     1
